 Dungeon Sprint DCSS version 0.29.1-13-g9f3cf754e1 (webtiles) character file.

Game seed: 6548802523737804945

13300000 LSt the Axe Maniac (level 27, -70/228 HPs)
             Began as a Djinni Warper on Feb 10, 2023.
             Was the Champion of Makhleb.
             Annihilated by a fleshlord
             ... wielding a +9 great mace
              (174 damage)
             ... in the Dungeon (Sprint VIII: "Arena of Blood").
             The game lasted 00:12:49 (133 turns).

LSt the Axe Maniac (Djinni Warper)                   Turns: 133, Time: 00:12:52

Health: -70/228    AC:  6    Str: 10    XL:     27
Gold:   0          EV: 33    Int: 20    God:    Makhleb [******] SH:  0 Dex: 22

rFire   + + .      SeeInvis .   i - +∞ Axe of Woe
rCold   x . .      Faith    .   (shield currently unavailable)
rNeg    . . .      Spirit   .   b - +0 leather armour
rPois   ∞          Reflect  .   (no helmet)
rElec   .          Harm     .   (no cloak)
rCorr   .          Rampage  .   (no gloves)
Will    ++...      NoTele   +   (boots unavailable)
Stlth   ++++++++++              (no amulet)
HPRegen 0.48/turn               (no ring)
MPRegen 0.00/turn               (no ring)

@: flying, slowed, very slow
A: sickness immunity, fire resistance 2, cold vulnerability 1, float, innate
caster, HP casting, extra vitality 1
a: Renounce Religion, Minor Destruction, Lesser Servant of Makhleb, Major
Destruction, Greater Servant of Makhleb


You were in the Dungeon.
You worshipped Makhleb.
Makhleb was exalted by your worship.
You visited 1 branch

Inventory:

Hand Weapons
 a - a +0 hand axe
 i - the +∞ Axe of Woe (weapon)
   (You found it in the Dungeon)
Missiles
 d - 7 boomerangs of dispersal (quivered)
Armour
 b - a +0 leather armour (worn)
Jewellery
 j - a +30 ring of slaying
 k - a +30 ring of slaying
 l - a +30 ring of slaying
 m - a +200 ring of slaying
 n - a +250 ring of slaying
Scrolls
 c - 2 scrolls of blinking
Potions
 e - a potion of curing
 f - a potion of heal wounds
 g - a potion of haste
 h - a potion of berserk rage


   Skills:
 O Level 27 Fighting
 O Level 27 Short Blades
 O Level 27 Long Blades
 O Level 27 Axes
 O Level 27 Maces & Flails
 O Level 27 Polearms
 O Level 27 Staves
 O Level 27 Ranged Weapons
 O Level 27 Throwing
 O Level 27 Armour
 O Level 27 Dodging
 O Level 27 Stealth
 O Level 27 Shields
 O Level 27 Unarmed Combat
 O Level 27 Spellcasting
 O Level 27 Invocations
 O Level 27 Evocations


You couldn't memorise any spells.
You knew the following spells:

 Your Spells              Type           Power      Damage    Failure   Level
a - Blink                 Tloc           100%       N/A       0%          2
b - Lesser Beckoning      Tloc           94%        N/A       0%          3
c - Gell's Gravitas       Tloc           94%        N/A       0%          3
d - Teleport Other        Tloc           94%        N/A       0%          3
e - Manifold Assault      Tloc           94%        N/A       0%          5
f - Foxfire               Conj/Fire      100%       2x1d9     0%          1
g - Searing Ray           Conj           100%       2d8       0%          2
h - Swiftness             Air            94%        N/A       0%          3
i - Tukima's Dance        Hex            94%        N/A       0%          3
j - Yara's Violent Unrav  Hex/Tmut       47%        3d18      0%          5
k - Metabolic Englaciati  Hex/Ice        47%        N/A       0%          5
l - Iron Shot             Conj/Erth      47%        9d9       0%          6
m - Monstrous Menagerie   Summ           47%        N/A       1%          7
n - Spellforged Servitor  Conj/Summ      47%        N/A       1%          7
o - Summon Horrible Thin  Summ           47%        N/A       1%          8
p - Ignition              Fire           47%        3d13      1%          8
q - Chain Lightning       Conj/Air       47%        3d62      1%          9
r - Polar Vortex          Ice            47%        N/A       1%          9
Your spell library was empty.

Dungeon Overview and Level Annotations

Branches:
Dungeon (1/1)

Altars:
Makhleb


Innate Abilities, Weirdness & Mutations

You are immune to sickness and miasma.
You are immune to poison.
Your flesh is very heat resistant. (rF++)
You are vulnerable to cold. (rC-)
You float through the air rather than walking.
You learn spells naturally, not from books.
Your magical power is your life essence.
You have superior vitality. (+4 MHP)


Message History

A bag of meat comes into view. It is wielding a +9 war axe.
A fleshlord comes into view. It is wielding a +9 great mace.
A scourge comes into view.
The fleshlord gestures at you while chanting.
You barely resist.
You feel something staring at you. Something smites you!
A dread comes into view.
You hear a shout! x3; The bag of meat shouts!
Casting: Manifold Assault (safe; 0% risk of failure)
Confirm with . or Enter, or press ? or * to list all spells.
Space momentarily warps into an impossible shape!
You slash the bag of meat!
You slaughter the bag of meat joyfully.
You kill the bag of meat!
Makhleb accepts your kill.
You feel better.
You slash the fleshlord! You chop the fleshlord into pieces.
You kill the fleshlord!
Makhleb accepts your kill.
You feel better.
You hit the scourge. You chop the scourge into pieces.
You kill the scourge!
Makhleb accepts your kill.
You feel better.
You hit the fleshlord.
You cleave the fleshlord in twain.
You kill the fleshlord!
Makhleb accepts your kill.
You feel better.
You hear a shout!
The meat beast is engulfed in blazing flames.
You hear a shout!
A fleshlord comes into view. It is wielding a +9 great mace.
You feel something staring at you. Something smites you!
A bag of meat comes into view. It is wielding a +9 war axe. x2
The eight-headed meat hydra calls on the powers of darkness!
The eight-headed meat hydra convulses!
The fleshlord convulses!
Your body is wracked with pain!
Something is bathed in an unholy light!
The fleshlord convulses!
A large bag of meat comes into view. It is wielding a +9 giant spiked club.
The fleshlord hits you with a +9 great mace!!!!!
Ouch! That really hurt!
You die...

... ))..o).
....#....p).)...))†))..
)...)#)..)..O.#.))))).#
.)....))#.).) #)).....# .
.....#..).).###)))) ..###..
#......))).)..))o###......
#....).)#)).))o..oo....
#....)#)))..p.#..2O☼# .
#)D.).p).@)#_.○)○# ...
#..))#).)..).#..)○§#.....
#...°)...#.....2.)_))...)..
#.°.°)).)......L.###....)..
)°))..)))..)###.)O....###..
))°.)...))))) #..2....# .
)°°))..†)))...#..S.§o.#
))).)#).).).....).OoW..
.#.#...........§...


You could see 2 meat beasts, a tyrant, an eight-headed meat hydra, a scourge, 3
fleshlords, a large bag of meat (inner flame), a dread, a meat berserker
(berserk) and 4 bags of meat.

Vanquished Creatures
  7 hell knights (D)
  Sigmund (D)
  11 hell beasts (D)
  8 royal mummies (D)
  4 great orbs of eyes (D)
  8 wraiths (D)
  Harold (D)
  22 vampire knights (D)
  51 ogres (D)
  8 two-headed ogres (D)
  9 liches (D)
  5 hydras (D)
  6 phantoms (D)
  102 orcs (D)
  9 skeletal warriors (D)
  7 sea snakes (D)
259 creatures vanquished.

Notes
Turn   | Place    | Note
-------+----------+-------------------------------------------
     0 | D        | Found the +∞ Axe of Woe
     0 | D        | LSt the Djinni Warper began the quest for the Orb.
     0 | D        | LSt set off with the following spells memorised: Blink,
                  | Lesser Beckoning, Gell's Gravitas, Teleport Other, Manifold
                  | Assault.
     0 | D        | Reached XP level 1. HP: 18/18 MP: 0/0
     2 | D        | Noticed a meat berserker
     3 | D        | Noticed a bag of meat
     3 | D        | Noticed a bag of meat
     4 | D        | Noticed a bag of meat
     5 | D        | Killed a meat berserker
     5 | D        | Noticed a bag of meat
     6 | D        | Reached XP level 2. HP: 23/23 MP: 0/0
     6 | D        | Reached XP level 3. HP: 28/28 MP: 0/0
     6 | D        | Learned a level 1 spell: Foxfire
     6 | D        | Reached XP level 4. HP: 33/33 MP: 0/0
     6 | D        | Reached XP level 5. HP: 38/38 MP: 0/0
     6 | D        | Learned a level 2 spell: Searing Ray
     6 | D        | Reached XP level 6. HP: 43/43 MP: 0/0
     6 | D        | Reached XP level 7. HP: 49/49 MP: 0/0
     6 | D        | Learned a level 3 spell: Swiftness
     6 | D        | Reached XP level 8. HP: 54/54 MP: 0/0
     6 | D        | Reached XP level 9. HP: 58/58 MP: 0/0
     6 | D        | Learned a level 3 spell: Tukima's Dance
     6 | D        | Reached XP level 10. HP: 64/64 MP: 0/0
     6 | D        | Reached XP level 11. HP: 68/68 MP: 0/0
     6 | D        | Learned a level 5 spell: Yara's Violent Unravelling
     6 | D        | Reached XP level 12. HP: 74/74 MP: 0/0
     6 | D        | Became a worshipper of Makhleb the Destroyer
     6 | D        | Noticed a meat berserker
     7 | D        | Killed a bag of meat
     8 | D        | Reached skill level 5 in Spellcasting
     8 | D        | Reached XP level 13. HP: 90/90 MP: 0/0
     8 | D        | Learned a level 5 spell: Metabolic Englaciation
     8 | D        | Noticed a bag of meat
     8 | D        | Noticed a bag of meat
     8 | D        | Noticed a meat berserker
     8 | D        | Noticed a bag of meat
     9 | D        | Killed a meat berserker
     9 | D        | Reached * piety under Makhleb
     9 | D        | Killed a bag of meat
    10 | D        | Reached skill level 27 in Axes
    10 | D        | Reached XP level 14. HP: 117/117 MP: 0/0
    10 | D        | Killed a meat berserker
    10 | D        | Killed a bag of meat
    10 | D        | Reached ** piety under Makhleb
    11 | D        | Reached skill level 10 in Spellcasting
    11 | D        | Reached XP level 15. HP: 129/129 MP: 0/0
    11 | D        | Learned a level 6 spell: Iron Shot
    12 | D        | Reached skill level 15 in Dodging
    15 | D        | Reached *** piety under Makhleb
    16 | D        | Reached XP level 16. HP: 141/141 MP: 0/0
    18 | D        | Reached skill level 15 in Spellcasting
    18 | D        | Reached **** piety under Makhleb
    19 | D        | Noticed a large bag of meat
    19 | D        | Killed a large bag of meat
    20 | D        | Reached skill level 27 in Fighting
    20 | D        | Reached XP level 17. HP: 160/160 MP: 0/0
    20 | D        | Learned a level 7 spell: Monstrous Menagerie
    21 | D        | Noticed a meat berserker
    22 | D        | Reached ***** piety under Makhleb
    22 | D        | Killed a meat berserker
    22 | D        | Noticed a meat berserker
    23 | D        | Reached XP level 18. HP: 167/167 MP: 0/0
    23 | D        | Killed a meat berserker
    24 | D        | Noticed a meat berserker
    24 | D        | Noticed a destroyer
    24 | D        | Noticed a destroyer
    24 | D        | Noticed a meat berserker
    25 | D        | Killed a destroyer
    25 | D        | Killed a destroyer
    25 | D        | Noticed a destroyer
    25 | D        | Noticed a meat berserker
    26 | D        | Reached skill level 27 in Spellcasting
    26 | D        | Reached XP level 19. HP: 174/174 MP: 0/0
    26 | D        | Learned a level 7 spell: Spellforged Servitor
    26 | D        | Killed a meat berserker
    26 | D        | Reached ****** piety under Makhleb
    26 | D        | Killed a meat berserker
    26 | D        | Killed a destroyer
    26 | D        | Noticed a destroyer
    26 | D        | Noticed a destroyer
    27 | D        | Reached skill level 27 in Dodging
    27 | D        | Reached skill level 27 in Stealth
    27 | D        | Reached skill level 10 in Armour
    27 | D        | Reached XP level 20. HP: 181/181 MP: 0/0
    27 | D        | Killed a meat berserker
    27 | D        | Killed a destroyer
    27 | D        | Killed a destroyer
    27 | D        | Noticed a meat berserker
    28 | D        | Reached skill level 27 in Armour
    28 | D        | Reached XP level 21. HP: 187/187 MP: 0/0
    28 | D        | Learned a level 8 spell: Summon Horrible Things
    28 | D        | Killed a meat berserker
    30 | D        | Noticed a destroyer
    30 | D        | Killed a destroyer
    30 | D        | Noticed a destroyer
    31 | D        | Reached skill level 27 in Throwing
    31 | D        | Reached XP level 22. HP: 194/194 MP: 0/0
    32 | D        | Noticed a meat berserker
    33 | D        | Killed a meat berserker
    33 | D        | Killed a destroyer
    34 | D        | Reached XP level 23. HP: 201/201 MP: 0/0
    34 | D        | Learned a level 8 spell: Ignition
    34 | D        | Noticed a destroyer
    36 | D        | Reached skill level 10 in Short Blades
    36 | D        | Reached skill level 10 in Long Blades
    36 | D        | Reached skill level 10 in Staves
    36 | D        | Noticed a destroyer
    37 | D        | Killed a destroyer
    37 | D        | Killed a destroyer
    37 | D        | Noticed a destroyer
    38 | D        | Killed a destroyer
    39 | D        | Reached skill level 15 in Shields
    39 | D        | Reached skill level 15 in Unarmed Combat
    39 | D        | Reached skill level 15 in Invocations
    39 | D        | Reached skill level 15 in Evocations
    39 | D        | Reached XP level 24. HP: 208/208 MP: 0/0
    39 | D        | Noticed a destroyer
    39 | D        | Killed a destroyer
    40 | D        | Reached skill level 15 in Short Blades
    40 | D        | Reached skill level 15 in Long Blades
    40 | D        | Reached skill level 15 in Staves
    47 | D        | Reached XP level 25. HP: 214/214 MP: 0/0
    47 | D        | Learned a level 9 spell: Chain Lightning
    49 | D        | Noticed a destroyer
    50 | D        | Reached XP level 26. HP: 221/221 MP: 0/0
    50 | D        | Killed a destroyer
    52 | D        | Noticed The Servant
    53 | D        | Noticed a tyrant
    54 | D        | Reached XP level 27. HP: 228/228 MP: 0/0
    54 | D        | Learned a level 9 spell: Polar Vortex
    54 | D        | Killed a tyrant
    56 | D        | Noticed a tyrant
    56 | D        | Killed The Servant
    56 | D        | Noticed a destroyer
    56 | D        | Noticed a tyrant
    57 | D        | Killed a destroyer
    57 | D        | Noticed a large bag of meat
    58 | D        | Reached skill level 27 in Shields
    58 | D        | Reached skill level 27 in Unarmed Combat
    58 | D        | Reached skill level 27 in Invocations
    58 | D        | Reached skill level 27 in Evocations
    59 | D        | Noticed a dread
    59 | D        | Killed a dread
    60 | D        | Noticed a meat beast
    60 | D        | Noticed a large bag of meat
    61 | D        | Reached skill level 27 in Short Blades
    61 | D        | Reached skill level 27 in Long Blades
    61 | D        | Reached skill level 27 in Staves
    61 | D        | Noticed a large bag of meat
    61 | D        | Noticed an accursed
    63 | D        | Reached skill level 27 in Maces & Flails
    63 | D        | Reached skill level 27 in Polearms
    63 | D        | Reached skill level 27 in Ranged Weapons
    63 | D        | Killed a meat beast
    64 | D        | Killed a large bag of meat
    64 | D        | Noticed a meat beast
    65 | D        | Killed a tyrant
    66 | D        | Killed a meat beast
    66 | D        | Killed a large bag of meat
    66 | D        | Killed an accursed
    68 | D        | Noticed a large bag of meat
    68 | D        | Noticed a dread
    69 | D        | Killed a tyrant
    70 | D        | Killed a large bag of meat
    71 | D        | Noticed a dread
    75 | D        | Killed a dread
    75 | D        | Killed a large bag of meat
    76 | D        | Killed a dread
    77 | D        | Noticed a meat beast
    77 | D        | Noticed a dread
    78 | D        | Killed a dread
    78 | D        | Killed a meat beast
    79 | D        | Noticed a destroyer
    80 | D        | Noticed a meat beast
    80 | D        | Noticed a dread
    81 | D        | Killed a destroyer
    82 | D        | Killed a dread
    82 | D        | Noticed a destroyer
    83 | D        | Killed a destroyer
    83 | D        | Noticed a destroyer
    84 | D        | Killed a meat beast
    84 | D        | Killed a destroyer
    85 | D        | Noticed a meat beast
    87 | D        | Killed a meat beast
    95 | D        | Noticed a large bag of meat
    96 | D        | Killed a large bag of meat
    96 | D        | Noticed a tyrant
    96 | D        | Noticed an accursed
    97 | D        | Killed a tyrant
    97 | D        | Killed an accursed
    98 | D        | Noticed a dread
    98 | D        | Noticed an accursed
    99 | D        | Noticed a destroyer
    99 | D        | Noticed a tyrant
    99 | D        | Noticed an accursed
   100 | D        | Killed an accursed
   100 | D        | Killed a dread
   102 | D        | Noticed an accursed
   102 | D        | Noticed The Captor
   102 | D        | Noticed a large bag of meat
   103 | D        | Killed a destroyer
   104 | D        | Noticed a dread
   106 | D        | Killed a large bag of meat
   106 | D        | Noticed a meat beast
   106 | D        | Noticed a meat beast
   107 | D        | Killed a dread
   107 | D        | Noticed a meat beast
   108 | D        | Killed a tyrant
   109 | D        | Killed The Captor
   109 | D        | Noticed an accursed
   110 | D        | Killed a meat beast
   110 | D        | Noticed a destroyer
   111 | D        | Killed a meat beast
   111 | D        | Noticed a meat beast
   111 | D        | Noticed a meat beast
   111 | D        | Noticed a destroyer
   113 | D        | Noticed a meat beast
   114 | D        | Killed a meat beast
   115 | D        | Noticed a destroyer
   115 | D        | Killed a destroyer
   115 | D        | Noticed an accursed
   117 | D        | Noticed a meat beast
   117 | D        | Killed an accursed
   117 | D        | Killed an accursed
   118 | D        | Killed a destroyer
   118 | D        | Noticed a dread
   119 | D        | Killed a destroyer
   120 | D        | Killed a meat beast
   121 | D        | Killed a meat beast
   122 | D        | Killed an accursed
   123 | D        | Killed a dread
   124 | D        | Killed an accursed
   124 | D        | Noticed a fleshlord
   125 | D        | Killed a fleshlord
   125 | D        | Noticed a tyrant
   126 | D        | Killed a tyrant
   126 | D        | Noticed a destroyer
   126 | D        | Noticed a large bag of meat
   126 | D        | Noticed a fleshlord
   127 | D        | Noticed a fleshlord
   127 | D        | Killed a destroyer
   127 | D        | Killed a large bag of meat
   127 | D        | Killed a fleshlord
   127 | D        | Noticed a meat beast
   127 | D        | Noticed a fleshlord
   127 | D        | Noticed a tyrant
   128 | D        | Noticed a tyrant
   129 | D        | Noticed a destroyer
   129 | D        | Killed a destroyer
   129 | D        | Killed a tyrant
   129 | D        | Noticed a tyrant
   129 | D        | Noticed an accursed
   130 | D        | Noticed a fleshlord
   130 | D        | Killed a fleshlord
   130 | D        | Killed a meat beast
   130 | D        | Noticed a fleshlord
   130 | D        | Noticed a fleshlord
   130 | D        | Noticed a fleshlord
   131 | D        | Killed a fleshlord
   131 | D        | Killed an accursed
   131 | D        | Killed a fleshlord
   131 | D        | Noticed a meat beast
   131 | D        | Noticed a tyrant
   132 | D        | Killed a tyrant
   132 | D        | Killed a tyrant
   132 | D        | Noticed a fleshlord
   132 | D        | Noticed a dread
   133 | D        | Killed a fleshlord
   133 | D        | Killed a fleshlord
   133 | D        | Noticed a fleshlord
   133 | D        | Noticed a large bag of meat
   133 | D        | Annihilated by a fleshlord

Illustrated notes

Levels and vault maps discovered:
D:        meatsprint

Skill      XL: |  1  2  3  4  5  6  7  8  9 10 11 12 13 14 15 16 17 18 19 20 21 22 23 24 25 26 27 |
---------------+----------------------------------------------------------------------------------+-----
Axes           | 24 27 | 27.0
Fighting       | 7 16 19 21 27 | 27.0
Dodging        | 7 14 18 25 27 | 27.0
Spellcasting   | 5 10 13 19 24 27 | 27.0
Stealth        | 16 27 | 27.0
Armour         | 10 27 | 27.0
Throwing       | 12 27 | 27.0
Short Blades   | 8 14 17 19 22 27 | 27.0
Long Blades    | 8 14 17 19 22 27 | 27.0
Maces & Flails | 7 13 16 18 20 27 | 27.0
Polearms       | 7 13 16 18 20 27 | 27.0
Staves         | 8 14 17 19 22 27 | 27.0
Ranged Weapons | 7 13 16 18 20 27 | 27.0
Shields        | 9 15 18 21 24 27 | 27.0
Unarmed Combat | 9 15 18 21 24 27 | 27.0
Invocations    | 9 15 18 21 24 27 | 27.0
Evocations     | 9 15 18 21 24 27 | 27.0

Action                   |  1- 3 |  4- 6 |  7- 9 | 10-12 | 13-15 | 16-18 | 19-21 | 22-24 | 25-27 || total
-------------------------+-------+-------+-------+-------+-------+-------+-------+-------+-------++-------
Melee: Executioner's axe |     1 |       |       |     1 |     6 |    11 |    15 |    20 |   176 ||   230
 Cast: Manifold Assault  |       |       |       |       |     1 |     4 |     4 |     9 |    44 ||    62
Armor: Leather armour    |       |       |       |       |       |       |       |       |     3 ||     3
Dodge: Dodged            |       |       |       |       |       |       |       |       |    17 ||    17
